 Dungeon Crawl Stone Soup version 0.30-a0-137-gd8773701ce (webtiles) character file.

Game seed: 3866175351502421294

6071 billz999 the Fighter (level 10, -5/85 HPs)
             Began as a Demonspawn Fighter on Sept 21, 2022.
             Was a Believer of Makhleb.
             Slain by a shadow (19 damage)
             ... on level 9 of the Dungeon.
             The game lasted 00:33:33 (12952 turns).

billz999 the Fighter (Demonspawn Fighter)          Turns: 12952, Time: 00:33:34

Health: -5/85      AC:  9    Str: 22    XL:     10   Next: 57%
Magic:  12/12      EV: 15    Int: 15    God:    Makhleb [**....]
Gold:   474        SH:  5    Dex: 12    Spells: 9/9 levels left

rFire   . . .      SeeInvis .    O - +2 mace (protect)
rCold   + + .      Faith    .    c - +0 buckler
rNeg    . . .      Spirit   .    u - +0 steam dragon scales
rPois   +          Reflect  .    (helmet restricted)
rElec   +          Harm     .    m - +1 cloak
rCorr   .          Rampage  .    K - +0 pair of gloves
Will    .....                    (no boots)
Stlth   ++........               (no amulet)
HPRegen 0.24/turn                l - ring of poison resistance
MPRegen 0.13/turn                B - ring of Akhapn {rElec rC++ Int+6 Stlth+}

@: agile, about to teleport, attractive, flying, studying Stealth
A: horns 1, powered by pain 1, sturdy frame 2, demonic magic 1
a: Renounce Religion, Minor Destruction


You were on level 9 of the Dungeon.
You worshipped Makhleb.
Makhleb was pleased with you.
You visited 2 branches of the dungeon, and saw 11 of its levels.

You collected 474 gold pieces.

Inventory:

Hand Weapons
 a - a +0 flail
 s - a +0 hand axe of draining
 t - a +0 morningstar
 A - a +2 halberd of flaming
 H - a +2 vorpal flail
 O - a +2 mace of protection (weapon)
Missiles
 w - a throwing net
 y - 5 poisoned darts (quivered)
Armour
 b - a +0 scale mail
 c - a +0 buckler (worn)
 f - a +5 ring mail
 m - a +1 cloak (worn)
 o - a +0 plate armour
 u - +0 steam dragon scales (worn)
 z - a +0 cloak
 K - a +0 pair of gloves (worn)
Jewellery
 k - a +6 ring of intelligence
 l - a ring of poison resistance (left hand)
 B - the ring of Akhapn (right hand) {rElec rC++ Int+6 Stlth+}
   (You found it on level 6 of the Dungeon)

   [ring of intelligence]

   Int:       It affects your intelligence (+6).
   rC:        It greatly protects you from cold.
   rElec:     It insulates you from electricity.
   Stlth:     It makes you more stealthy.
 Q - a +6 ring of strength
 S - a +6 ring of dexterity
Wands
 d - a wand of charming (7)
 E - a wand of digging (6)
Scrolls
 e - a scroll of teleportation
 g - 2 scrolls of butterflies
 j - a scroll of enchant armour
 q - 2 scrolls of fear
 v - a scroll of vulnerability {unknown}
 x - a scroll of brand weapon
 C - 3 scrolls of magic mapping
 D - a scroll of acquirement {unknown}
 F - 6 scrolls of identify
 G - a scroll of poison {unknown}
 I - a scroll of immolation {unknown}
 J - 2 scrolls of blinking {unknown}
 L - a scroll of noise {unknown}
 M - 2 scrolls of enchant weapon {unknown}
 R - a scroll of silence {unknown}
Potions
 h - a potion of resistance
 i - a potion of cancellation
 n - 2 potions of brilliance
 p - a potion of flight
 r - 2 potions of degeneration


   Skills:
 + Level 10.0 Fighting
 - Level 6.2(8.4) Axes
 * Level 8.7(9.6) Maces & Flails
 - Level 4.4 Armour
 - Level 4.0 Shields
 + Level 3.5 Invocations


You had 9 spell levels left.
You didn't know any spells.
Your spell library contained the following spells:

 Spells                   Type           Power      Damage    Failure   Level
 Sandblast                Erth           0%         2d4       34%         1
 Cigotuvi's Dreadful Rot  Necr/Pois/Air  0%         N/A       45%         2
 Passwall                 Tmut/Erth      0%         N/A       45%         2
 Stone Arrow              Conj/Erth      0%         3d7       71%         3
 Dispel Undead            Necr           0%         3d6       98%         4
 Death Channel            Necr           0%         N/A       100%        6


Dungeon Overview and Level Annotations

Branches:
Dungeon (10/15)            Temple (1/1) D:5            Lair (0/5) D:9
    Orc (0/2) D:9

Altars:
Ashenzari
Cheibriados
Dithmenos
Fedhas
Gozag
Hepliaklqana
Kikubaaqudgha
Makhleb
Nemelex Xobeh
Okawaru
Qazlal
Ru
Sif Muna
Trog
Uskayaw
Vehumet
Wu Jian
Xom
Yredelemnul

Annotations:
D:5 1 transporter, 2 runed translucent doors, greasedhog's ghost, novice GrCK


Innate Abilities, Weirdness & Mutations

You have a pair of small horns on your head.
You sometimes gain a little power by taking damage.
Your movements are less encumbered by armour. (ER -4)
Spells you cast may paralyse adjacent enemies.


Message History

The shadow is lightly damaged.
The shadow misses you.
The shadow slips into darkness.
The shadow flickers and vanishes!
Deactivating autopickup; reactivate with Ctrl-A.
You're too confused to move!
The shadow strikes at you from the darkness!
* * * LOW HITPOINT WARNING * * *
Reactivating autopickup.
You are too confused!
Unknown command.
You're too confused to move!
The shadow hits you.
* * * LOW HITPOINT WARNING * * *
You closely miss the shadow.
The shadow is lightly damaged.
The shadow hits you. The shadow hits you!
* * * LOW HITPOINT WARNING * * *
You feel less invigorated.
You feel less confused.
The shadow slips into darkness.
The shadow flickers and vanishes!
Deactivating autopickup; reactivate with Ctrl-A.
You can't see any enemies this would affect, really read the scroll of fear?
As you read the scroll of fear, it crumbles to dust.
You assume a fearsome visage.
Nothing appears to happen.
The shadow strikes at you from the darkness!
* * * LOW HITPOINT WARNING * * *
Reactivating autopickup.
As you read the scroll of teleportation, it crumbles to dust.
You feel strangely unstable. You block the shadow's attack.
You feel very buoyant.
You fly up into the air.
The shadow slips into darkness.
The shadow flickers and vanishes!
Deactivating autopickup; reactivate with Ctrl-A.
It was a potion of attraction.
You feel attractive to monsters.
The shadow strikes at you from the darkness!
You die...

### #.#***** #..,,,,*
#.####,# #.#..#.##*
####........* ***
#...@...#,*********,,
***#.>{....#,*,,,,,,,,**
#..............********
#..........#.##*
#.##..#....#,#**
#,...........,,*
******###.......#.###########
*,,,,,,,.....................
*******......................


There were no monsters in sight!

Vanquished Creatures
  Joseph (D:7)
  Maggie (D:9)
  Prince Ribbit (D:7)
  Sigmund (D:3)
  A wyvern (D:7)
  5 yaks (D:10)
  4 steam dragons
  A warg (D:9)
  2 orc warriors
  2 ice beasts (D:5)
  A black bear (D:6)
  A sky beast (D:7)
  2 ogres (D:4)
  5 centaurs
  A phantom (D:6)
  6 bullfrogs
  A gnoll sergeant (D:7)
  3 necrophages
  2 scorpions
  6 killer bees
  3 howler monkeys
  2 hounds
  An orc priest (D:4)
  4 gnoll boudas
  A jelly (D:7)
  Ijyb (D:4)
  Natasha (twice) (D:3)
  5 iguanas
  5 orc wizards
  9 adders
  23 gnolls
  A shadow imp (D:6)
  An ufetubus (D:6)
  2 worms
  A dart slug (D:1)
  33 orcs
  9 endoplasms
  7 giant cockroaches
  7 goblins
  7 hobgoblins
  A jackal (D:3)
  4 quokkas
  10 ball pythons
  11 bats
  3 frilled lizards (D:2)
  4 kobolds
  A rat (D:1)
205 creatures vanquished.

Vanquished Creatures (collateral kills)
  An orc warrior (D:6)
  2 orc priests (D:9)
  3 orc wizards
6 creatures vanquished.

Vanquished Creatures (others)
  A water moccasin (D:7)
  2 orc warriors (D:9)
  A plant (D:3)
4 creatures vanquished.

Grand Total: 215 creatures vanquished

Notes
Turn   | Place    | Note
-------+----------+-------------------------------------------
     0 | D:1      | billz999 the Demonspawn Fighter began the quest for the
                  | Orb.
     0 | D:1      | Reached XP level 1. HP: 18/18 MP: 1/1
   337 | D:1      | Gained mutation: Your movements are slightly less
                  | encumbered by armour. (ER -2) [demonic ancestry]
   337 | D:1      | Reached XP level 2. HP: 24/24 MP: 2/2
  1243 | D:2      | Reached XP level 3. HP: 29/29 MP: 3/3
  2252 | D:2      | Gained mutation: You sometimes gain a little power by
                  | taking damage. [demonic ancestry]
  2252 | D:2      | Reached XP level 4. HP: 32/37 MP: 4/4
  2555 | D:3      | Noticed Sigmund
  2566 | D:3      | Killed Sigmund
  2567 | D:3      | Reached skill level 4 in Fighting
  2567 | D:3      | Reached XP level 5. HP: 42/43 MP: 5/5
  2680 | D:3      | Found a faded altar of an unknown god.
  2970 | D:3      | Gained mutation: Your movements are less encumbered by
                  | armour. (ER -4) [demonic ancestry]
  2970 | D:3      | Reached XP level 6. HP: 39/49 MP: 6/6
  3143 | D:3      | Noticed Natasha
  3149 | D:3      | Killed Natasha
  3494 | D:3      | Noticed Natasha
  3497 | D:3      | Killed Natasha
  3498 | D:3      | Reached skill level 1 in Axes
  3566 | D:4      | Reached skill level 5 in Fighting
  3893 | D:4      | Reached XP level 7. HP: 40/56 MP: 7/7
  4658 | D:4      | Noticed Ijyb
  4687 | D:4      | Killed Ijyb
  4688 | D:4      | Reached skill level 6 in Fighting
  5125 | D:5      | Entered Level 5 of the Dungeon
  5170 | D:5      | Found a transporter.
  5184 | D:5      | Found a staircase to the Ecumenical Temple.
  5192 | Temple   | Entered the Ecumenical Temple
  5401 | Temple   | Became a worshipper of Makhleb the Destroyer
  5692 | D:5      | Found a shimmering altar of Xom.
  5692 | D:5      | Found a shimmering altar of Xom.
  5694 | D:5      | Found a shimmering altar of Xom.
  5907 | D:5      | Found a large runed translucent door.
  5907 | D:5      | Found a large runed translucent door.
  5913 | D:5      | Noticed greasedhog's ghost (novice GrCK)
  5937 | D:5      | Found a shimmering altar of Xom.
  5938 | D:5      | Found a shimmering altar of Xom.
  5939 | D:5      | Found a shimmering altar of Xom.
  6056 | D:5      | Gained mutation: You have a pair of small horns on your
                  | head. [demonic ancestry]
  6056 | D:5      | Reached XP level 8. HP: 63/65 MP: 8/8
  6087 | D:5      | Reached skill level 7 in Fighting
  6273 | D:6      | Identified the ring of Akhapn {rElec rC++ Int+6 Stlth+}
  6559 | D:6      | Reached skill level 5 in Axes
  6860 | D:6      | Reached * piety under Makhleb
  7401 | D:6      | Reached skill level 8 in Fighting
  8123 | D:7      | Gained mutation: Spells you cast may paralyse adjacent
                  | enemies. [demonic ancestry]
  8123 | D:7      | Reached XP level 9. HP: 69/75 MP: 9/9
  8151 | D:7      | Reached skill level 5 in Maces & Flails
  8680 | D:7      | Reached ** piety under Makhleb
  9027 | D:7      | Noticed Prince Ribbit
  9175 | D:7      | Killed Prince Ribbit
  9176 | D:7      | Reached skill level 9 in Fighting
  9498 | D:7      | Noticed Joseph
  9539 | D:7      | Killed Joseph
 10264 | D:8      | Reached XP level 10. HP: 77/83 MP: 10/10
 10357 | D:8      | Noticed a two-headed ogre
 11261 | D:8      | Noticed a two-headed ogre
 11602 | D:9      | Noticed Maggie
 11615 | D:9      | Killed Maggie
 11616 | D:9      | Reached skill level 1 in Invocations
 11714 | D:9      | Found a staircase to the Orcish Mines.
 11774 | D:9      | HP: 3/84 [orc warrior/+0 glaive (14)]
 11797 | D:9      | HP: 5/126 [orc warrior/+0 glaive (6)]
 12513 | D:9      | Found a blossoming altar of Fedhas.
 12515 | D:9      | Found a broken altar of Ashenzari.
 12706 | D:10     | Entered Level 10 of the Dungeon
 12741 | D:10     | Reached skill level 10 in Fighting
 12841 | D:10     | Found a radiant altar of Vehumet.
 12890 | D:10     | Noticed a two-headed ogre
 12952 | D:9      | Slain by a shadow

Illustrated notes

Levels and vault maps discovered:
D:1:      scummos_arrival_star, layout_basic, minmay_statues_item
D:2:      layout_basic
D:3:      layout_basic, shapermc_ecumenical_altar_rom_forum, minmay_puff,
          uniq_natasha, uniq_sigmund
D:4:      layout_gridville, good_gods_mini_temple, uniq_ijyb
D:5:      gammafunk_cloud_chamber, layout_rooms, xom_redecorated,
          minmay_temple_entry_slanted, ebering_ghost_disaster_area,
          chequers_mini_garden
D:6:      layout_basic
D:7:      layout_basic, uniq_joseph, uniq_prince_ribbit1
D:8:      layout_gridville, serial_co_window_serial, co_window_cross_1,
          co_window_of_opportunity_a, co_window_paths_a, co_window_paths_b,
          co_window_paths_a, co_window_2corner, co_window_unsneaky_path_c,
          co_window_corner_b, co_window_paths_d, glass_columns_b,
          glass_columns_b, glass_columns_a, glass_columns_c, glass_columns_b,
          minmay_manual_monstrance
D:9:      cheibrodos_frozen_isle, layout_basic,
          chequers_temple_overflow_statue_of_worship, erik_lair_dragon,
          david_orc_1_choice, kennysheep_generic_room_3, uniq_maggie
D:10:     layout_roguey, mainiacjoe_overflow_chevrons,
          dreamdust_princess_corridor
Temple:   nicolae_temple_superstar

Skill      XL: |  1  2  3  4  5  6  7  8  9 10 |
---------------+-------------------------------+-----
Maces & Flails | 2 3 4 7 8 |  8.7
Fighting       | 4 5 6 8 9 10 | 10.0
Axes           | 2 4 6 |  6.2
Shields        | 4 |  4.0
Armour         | 4 |  4.4
Invocations    | 3 |  3.5

Action                   |  1- 3 |  4- 6 |  7- 9 | 10-12 || total
-------------------------+-------+-------+-------+-------++-------
Melee: Flail             |   124 |    57 |   197 |   103 ||   481
       Hand axe          |       |    89 |   251 |       ||   340
       Morningstar       |       |     2 |       |       ||     2
       Headbutt          |       |       |    45 |    34 ||    79
       Mace              |       |       |       |    53 ||    53
Throw: Dart              |    13 |    16 |    39 |     6 ||    74
       Throwing net      |       |     2 |     1 |       ||     3
Invok: Minor Destruction |       |       |     1 |     1 ||     2
Evoke: Wand              |       |       |     4 |    15 ||    19
  Use: Potion            |       |     3 |    13 |     6 ||    22
       Scroll            |       |       |     4 |     6 ||    10
Armor: Scale mail        |    28 |       |       |       ||    28
       Plate armour      |    38 |    90 |   201 |       ||   329
       Skin              |       |     9 |       |       ||     9
       Ring mail         |       |       |    52 |    76 ||   128
       Steam dragon scal |       |       |       |    24 ||    24
Dodge: Dodged            |    44 |    37 |   155 |    88 ||   324
Block: Buckler           |    19 |    27 |    96 |    34 ||   176

Table legend: (Time is in decaauts)
 A = Elapsed time spent in this place.
 B = Non-inter-level travel time spent in this place.
 C = Inter-level travel time spent in this place.
 D = Time resting spent in this place.
 E = Time spent auto-exploring this place.
 F = Levels seen in this place.
 G = Mean time per level.
                   A        B        C        D        E       F      G
               +--------+--------+--------+--------+--------+-----+--------+
         Total |  13031 |  12534 |    497 |    567 |   9714 |  11 | 1184.6 |
       Dungeon |  12793 |  12419 |    374 |    567 |   9614 |  10 | 1279.3 |
        Temple |    237 |    114 |    123 |      0 |    100 |   1 |  237.0 |
               +--------+--------+--------+--------+--------+-----+--------+

Top non-repeatable levels by time:
     D:7: 2067 daAuts
     D:6: 1817 daAuts
     D:4: 1620 daAuts
     D:9: 1404 daAuts
     D:2: 1399 daAuts
     D:8: 1174 daAuts
     D:1: 1107 daAuts
     D:3: 1071 daAuts
     D:5: 901 daAuts
  Temple: 237 daAuts
    D:10: 230 daAuts
